Map: Lost and Found LE

Players

Bunny

  • Race: Terran Terran
  • League: Diamond
  • Spawn Location: 1:00

lIIllllIIlll (INnoVation) - Winner!

  • Race: Terran Terran
  • League: Master
  • Spawn Location: 7:00

Event: HomeStory Cup XVIII

VOD

Have the link to the VOD?

Description

Time

  • Played on: Nov. 25, 2018, 2:11 p.m.
  • Length: 4:54

All games in this series

Show
View Real Time Build Order
Export as new Build Order

Bunny Terran 

Build Orders:  

Get SALT Encoding   

  12  0:00  SCV  
  13  0:12  SCV  
  14  0:19  Supply Depot  
  14  0:24  SCV  
  15  0:41  Barracks  
  15  0:45  Refinery  
  15  0:57  Barracks  
  15  1:01  SCV  
  16  1:08  Refinery  
  16  1:13  SCV  
  17  1:28  Reaper  
  17  1:32  Orbital Command  
  18  1:44  Reaper  
  19  1:50  Supply Depot  
  19  2:00  Reaper, SCV  
  21  2:12  SCV  
  22  2:16  Reaper  
  23  2:25  SCV  
  23  2:32  Reaper  
  22  2:40  SCV  
  19  2:48  Reaper  
  15  2:56  SCV  
  14  3:04  Reaper  
  6  3:20  Reaper  
  7  3:36  Reaper  
  8  3:52  Reaper  
  9  4:08  Marine  
  10  4:24  Marine  
Show
View Real Time Build Order
Export as new Build Order

lIIllllIIlll Terran - Winner!

Build Orders:  

Get SALT Encoding   

  12  0:00  SCV  
  13  0:13  Supply Depot  
  13  0:17  SCV  
  14  0:35  Barracks  
  14  0:39  Refinery  
  14  0:52  Barracks  
  15  0:57  SCV  
  15  1:09  SCV  
  16  1:23  Reaper, Orbital Command  
  17  1:30  Refinery  
  17  1:41  Reaper  
  18  1:48  SCV  
  19  1:57  Reaper  
  19  1:59  Supply Depot  
  19  2:00  SCV  
  21  2:12  SCV  
  21  2:13  Reaper  
  23  2:24  SCV  
  23  2:29  Reaper  
  19  2:45  Reaper  
  13  3:01  Reaper  
  8  3:17  Reaper  
  8  3:34  Reaper  
  9  3:49  Marine  
  10  4:05  Marine  
  10  4:07  Marine  
  12  4:19  Orbital Command  
  12  4:23  Marine  
Tags
 
Add a new tag
Caveats
  • Supply blocks, unpowered buildings, or Contaminate may cause inaccurate times.
  • Supply counts are checked every 10 seconds.